 Dungeon Crawl Stone Soup version 0.23.2-1-ga50397a6bc (webtiles) character file.

Game seed: 11364433915621796699

164 Mrkan the Ruffian (level 5, -4/50 HPs)
             Began as a Troll Monk on May 22, 2019.
             Slain by Grinder (6 damage)
             ... while paralysed by Grinder
             ... on level 4 of the Dungeon.
             The game lasted 00:06:53 (2154 turns).

Mrkan the Ruffian (Troll Monk)                      Turns: 2154, Time: 00:06:53

Health: -4/50      AC:  6    Str: 19    XL:     5   Next: 21%
Magic:  4/4        EV:  1    Int:  6    God:
Gold:   122        SH:  0    Dex: 13    Spells: 4/4 levels left

rFire    . . .     SeeInvis .     - Unarmed
rCold    . . .     Gourm    +   (no shield)
rNeg     . . .     Faith    .   a - +0 robe
rPois    .         Spirit   .   (helmet restricted)
rElec    .         Reflect  .   (no cloak)
rCorr    .         Harm     .   (gloves unavailable)
MR       .....                  (boots unavailable)
Stlth    ++........             (no amulet)
HPRegen  0.56/turn              (no ring)
MPRegen  0.09/turn              (no ring)

@: paralysed, lethally poisoned (-4 -> -5)
A: large, unfitting armour, claws 3, fast metabolism 3, gourmand, regeneration
1, shaggy fur 1, tough skin 3
a: no special abilities


You were on level 4 of the Dungeon.
You were completely stuffed.

You visited 1 branch of the dungeon, and saw 4 of its levels.

You collected 122 gold pieces.

Inventory:

Missiles
 n - 6 tomahawks (quivered)
Armour
 a - a +0 robe (worn)
Scrolls
 c - a scroll of immolation {unknown}
 e - 6 scrolls of identify {unknown}
 f - 3 scrolls of teleportation {unknown}
 i - a scroll of enchant weapon {unknown}
Potions
 d - a potion of curing
 g - 2 potions of haste {unknown}
 h - a potion of resistance {unknown}
 j - a potion of lignification {unknown}
 k - a potion of brilliance {unknown}
 l - 2 potions of might {unknown}
Comestibles
 b - 6 rations
 m - a chunk of flesh


   Skills:
 - Level 2.4 Fighting
 - Level 2.4 Dodging
 - Level 1.0 Stealth
 * Level 6.0 Unarmed Combat


You had 4 spell levels left.
You didn't know any spells.
Your spell library was empty.

Dungeon Overview and Level Annotations

Branches:
Dungeon (4/15)
 Temple: D:4-7

Altars:

Annotations:
D:4 Grinder


Innate Abilities, Weirdness & Mutations

You are too large for most types of armour.
You have claws for hands.
Your metabolism is lightning-fast.
You like to eat raw meat.
Your natural rate of healing is unusually fast.
You are covered in fur. (AC +1)
You have extremely tough skin. (AC +3)


Message History

You closely miss the worker ant.
The worker ant is heavily wounded.
The worker ant bites you.
* * * LOW HITPOINT WARNING * * *
You are poisoned.
The worker ant poisons you!
You scratch the worker ant.
The worker ant is severely wounded.
You feel sick.
The worker ant bites you but does no damage.
You scratch the worker ant.
You kill the worker ant!
Your Unarmed Combat skill increases to level 6!
You feel sick.
You scratch Grinder.
Grinder is almost dead.
Grinder gestures at you.
You suddenly lose the ability to move!
You feel sick. Grinder hits you.
You die...

#..................
#......<...........
#..................
#..................##
#..(.......#........
##.........#####...
##........##### .#.
#...........5?#..####
#..........##@....>.#
#....ยง.....####.....#
#..........# ....#
#..........# . ####
##........####..
##............#
##............#
#..............
#..............


You could see Grinder.

Vanquished Creatures
  2 worker ants
  3 adders
  4 worms
  2 dart slugs (D:2)
  5 orcs (D:3)
  3 giant cockroaches
  8 goblins
  9 hobgoblins
  5 jackals (D:1)
  7 kobolds
  7 bats
  2 frilled lizards
  13 rats
70 creatures vanquished.

Notes
Turn   | Place    | Note
-------+----------+-------------------------------------------
     0 | D:1      | Mrkan the Troll Monk began the quest for the Orb.
     0 | D:1      | Reached XP level 1. HP: 22/22 MP: 0/0
   150 | D:1      | Reached XP level 2. HP: 29/29 MP: 1/1
   467 | D:1      | Reached skill level 4 in Unarmed Combat
   670 | D:2      | Reached XP level 3. HP: 32/36 MP: 2/2
  1497 | D:3      | Reached XP level 4. HP: 41/44 MP: 3/3
  1542 | D:3      | Reached skill level 5 in Unarmed Combat
  1923 | D:3      | Reached XP level 5. HP: 48/50 MP: 4/4
  2120 | D:4      | Noticed Grinder
  2151 | D:4      | HP: 2/50 [poisoned by a worker ant]
  2152 | D:4      | Reached skill level 6 in Unarmed Combat
  2153 | D:4      | Paralysed by Grinder for 5 turns
  2154 | D:4      | Slain by Grinder

Skill      XL: |  1  2  3  4  5 |
---------------+----------------+-----
Unarmed Combat | 4 5 6 |  6.0
Fighting       | |  2.4
Dodging        | |  2.4
Stealth        | |  1.0

Action                   |  1- 3 |  4- 6 || total
-------------------------+-------+-------++-------
Melee: Unarmed           |   129 |    55 ||   184
       Punch             |     1 |     1 ||     2
  Use: Potion            |       |     1 ||     1
 Stab: Distracted        |     1 |       ||     1
       Sleeping          |     1 |     3 ||     4
  Eat: Chunk             |    18 |     7 ||    25
Armor: Robe              |    54 |    12 ||    66
Dodge: Dodged            |    67 |    19 ||    86
